 Dungeon Crawl Stone Soup version 0.24.0-28-g17ded55e90 (webtiles) character file.

Game seed: 12325603067541816829, levelgen mode: deterministic

520 Peloso the Slasher (level 7, 0/60 HPs)
             Began as a Minotaur Fighter on Nov 12, 2019.
             Engulfed by a steam dragon's steam (8 damage)
             ... on level 4 of the Dungeon.
             The game lasted 00:04:51 (2608 turns).

Peloso the Slasher (Minotaur Fighter)               Turns: 2608, Time: 00:04:51

Health: 0/60       AC: 10    Str: 21    XL:     7   Next: 1%
Magic:  6/6        EV:  8    Int:  5    God:
Gold:   184        SH: 10    Dex: 11    Spells: 6/6 levels left

rFire    . . .     SeeInvis +   a - +0 long sword
rCold    . . .     Gourm    .   c - +0 shield
rNeg     . . .     Faith    +   b - +0 scale mail
rPois    .         Spirit   .   (helmet restricted)
rElec    .         Reflect  .   j - +0 cloak
rCorr    .         Harm     .   (no gloves)
MR       .....                  p - +1 pair of boots {Stlth+}
Stlth    +.........             g - amulet of faith
HPRegen  0.20/turn              q - ring of see invisible
MPRegen  0.10/turn              t - ring of flight

@: no status effects
A: retaliatory headbutt, horns 2
a: Evoke Flight


You were on level 4 of the Dungeon.
You were near starving.

You visited 1 branch of the dungeon, and saw 4 of its levels.

You collected 184 gold pieces.

Inventory:

Hand Weapons
 a - a +0 long sword (weapon)
Armour
 b - a +0 scale mail (worn)
 c - a +0 shield (worn)
 j - a +0 cloak (worn)
 p - a +1 pair of boots of stealth (worn)
Jewellery
 g - an amulet of faith (around neck)
 q - a ring of see invisible (left hand)
 t - a ring of flight (right hand)
Scrolls
 e - 2 scrolls of remove curse
 i - 2 scrolls of identify
 k - 4 scrolls of teleportation
 l - 3 scrolls of magic mapping {unknown}
 m - a scroll of blinking {unknown}
 n - 3 scrolls of amnesia {unknown}
 u - a scroll of random uselessness {unknown}
Potions
 d - 2 potions of might
 h - 3 potions of curing
 o - 2 potions of flight {unknown}
 r - a potion of heal wounds {unknown}
 s - a potion of haste {unknown}
Comestibles
 f - 10 rations


   Skills:
 + Level 4.6 Fighting
 + Level 5.9 Long Blades
 + Level 5.0 Armour
 + Level 2.0 Dodging
 + Level 0.9 Stealth
 + Level 5.6 Shields


You had 6 spell levels left.
You didn't know any spells.
Your spell library was empty.

Dungeon Overview and Level Annotations

Branches:
Dungeon (4/15)
 Temple: D:4-7

Altars:
Kikubaaqudgha
Makhleb
Nemelex Xobeh
Qazlal
Vehumet

Annotations:
D:3 3 runed translucent doors, hitsuchi's ghost, amateur DsMo


Innate Abilities, Weirdness & Mutations

You reflexively headbutt those who attack you in melee.
You have a pair of horns on your head.


Message History

You hit the steam dragon.
The steam dragon is almost dead.
You are engulfed in a cloud of scalding steam.
* * * LOW HITPOINT WARNING * * *
The crimson imp hits you but does no damage.
The steam dragon barely misses you.
You riposte.
You hit the steam dragon. Your headbutt misses the steam dragon.
The steam dragon is almost dead.
You block the steam dragon's attack.
The crimson imp blinks!
You feel better.
You are engulfed in a cloud of scalding steam.
The steam dragon bites you.
* * * LOW HITPOINT WARNING * * *
The steam dragon claws you but does no damage.
A frilled lizard comes into view.
The crimson imp blinks!
You barely miss the steam dragon.
The steam dragon is almost dead.
You are engulfed in a cloud of scalding steam.
You die...

# ##.##.# #####.#####
#.# #.........# #.#
#.#.....#.# #.#
#..<......# #.#
#.........# #.#
#.........###.#######
#.........##D....l...
####...####..@# ##.##
#.### ... ########.#
#.## ...
.........#####..##
#..
########.........#
#.# #..#...#..# #.#
#.###.###=#### #.#
#..#...#.....#
######.#
#...._....##.#
##...##.#


You could see a steam dragon and a frilled lizard (wandering).

Vanquished Creatures
  Grinder (D:3)
  A scorpion (D:4)
  2 vampire bats (D:2)
  2 worker ants (D:4)
  A hound skeleton (D:4)
  4 gnolls
  An adder (D:4)
  3 leopard geckos
  An orc (D:4)
  3 ball pythons
  3 bat skeletons (D:2)
  3 bat zombies (D:2)
  5 giant cockroaches
  8 goblins
  6 hobgoblins
  12 jackals
  4 kobolds
  A quokka (D:2)
  11 bats
  2 frilled lizards
  A jackal skeleton (D:4)
  A leopard gecko skeleton (D:4)
  10 rats
86 creatures vanquished.

Notes
Turn   | Place    | Note
-------+----------+-------------------------------------------
     0 | D:1      | Peloso the Minotaur Fighter began the quest for the Orb.
     0 | D:1      | Reached XP level 1. HP: 19/19 MP: 0/0
   122 | D:1      | Reached XP level 2. HP: 27/27 MP: 1/1
   442 | D:1      | Reached XP level 3. HP: 25/33 MP: 2/2
   933 | D:2      | Found a stormy altar of Qazlal.
  1284 | D:2      | Reached XP level 4. HP: 40/40 MP: 3/3
  1312 | D:2      | Found an ancient bone altar of Kikubaaqudgha.
  1326 | D:2      | Reached skill level 1 in Dodging
  1339 | D:2      | Reached XP level 5. HP: 43/46 MP: 4/4
  1410 | D:2      | Found a sparkling altar of Nemelex Xobeh.
  1522 | D:3      | Noticed Grinder
  1536 | D:3      | Killed Grinder
  1536 | D:3      | Reached skill level 5 in Long Blades
  1536 | D:3      | Reached skill level 5 in Shields
  1536 | D:3      | Reached XP level 6. HP: 39/53 MP: 5/5
  1557 | D:3      | Found a burning altar of Makhleb.
  2053 | D:3      | Found a runed translucent gate.
  2053 | D:3      | Found a runed translucent gate.
  2053 | D:3      | Noticed hitsuchi's ghost (amateur DsMo)
  2063 | D:3      | Found a runed translucent gate.
  2327 | D:4      | Reached skill level 5 in Armour
  2578 | D:4      | Reached XP level 7. HP: 60/60 MP: 6/6
  2579 | D:4      | Found a radiant altar of Vehumet.
  2597 | D:4      | Noticed a steam dragon
  2608 | D:4      | Engulfed by a steam dragon's steam

Levels and vault maps discovered:
D:1:      evilmike_arrival_plus, layout_loops_corners
D:2:      layout_basic, lemuel_coloured_pillars_altar,
          kennysheep_vampire_church, grunt_qazlal_sundering
D:3:      kennysheep_six_static_rooms, layout_loops_ring,
          nicolae_overflow_crystal_walls, ebering_ghost_rock_garden,
          uniq_grinder
D:4:      layout_loops_corners, vehumet_crystals, fedhas_bush_and_centaur_altar

Skill      XL: |  1  2  3  4  5  6 |
---------------+-------------------+-----
Armour         | 4 5 |  5.0
Long Blades    | 3 4 5 |  5.9
Shields        | 4 5 |  5.6
Fighting       | 4 |  4.6
Dodging        | 1 2 |  2.0
Stealth        | |  0.9

Action                   |  1- 3 |  4- 6 |  7- 9 || total
-------------------------+-------+-------+-------++-------
Melee: Long sword        |    94 |   107 |     7 ||   208
       Headbutt          |     9 |    22 |     1 ||    32
  Use: Potion            |     1 |     1 |     1 ||     3
       Scroll            |       |     3 |       ||     3
  Eat: Chunk             |     1 |     3 |       ||     4
Armor: Scale mail        |    49 |    74 |     5 ||   128
Dodge: Dodged            |    35 |    49 |     6 ||    90
Block: Shield            |    47 |    89 |     4 ||   140
       Rpst.: Long sword |     9 |    14 |     1 ||    24
